 Dungeon Crawl Stone Soup version 0.31.0-12-g77e489cdc1 (webtiles) character file.

Game seed: 17881732515535089769

59 jondeez the Grave Robber (level 4, -1/30 HPs)
             Began as a Human Necromancer on Mar 3, 2024.
             Slain by a kobold
             ... wielding a +0 whip
              (5 damage)
             ... on level 2 of the Dungeon.
             The game lasted 00:09:36 (1364 turns).

jondeez the Grave Robber (Human Necromancer)        Turns: 1364, Time: 00:09:36

Health: -1/30      AC:  2    Str:  9    XL:     4   Next: 3%
Magic:  1/8        EV: 12    Int: 17    God:
Gold:   59         SH:  0    Dex: 13    Spells: 7/8 levels left

rFire   . . .        (no weapon)
rCold   . . .        (no shield)
rNeg    . . .        a - +0 robe
rPois   .            (no helmet)
rElec   .            (no cloak)
rCorr   .            (no gloves)
SInv    .            (no boots)
Will    .....        (no amulet)
Stlth   ++           (no ring)
HPRegen 0.25/turn    (no ring)
MPRegen 0.11/turn

%: no passive effects
@: no status effects
A: explore regen
a: no special abilities


You were on level 2 of the Dungeon.
You visited 1 branch of the dungeon, and saw 2 of its levels.

You collected 59 gold pieces.

Inventory:

Armour
 a - a +0 robe (worn)
Scrolls
 d - 2 scrolls of teleportation {unknown}
 e - a scroll of blinking {unknown}
 f - a scroll of vulnerability {unknown}
Potions
 b - a potion of magic
 c - a potion of attraction {unknown}


   Skills:
 + Level 0.2 Fighting
 + Level 2.3 Dodging
 + Level 2.0 Stealth
 + Level 2.8 Spellcasting
 + Level 4.7 Necromancy


You had 7 spell levels left.
You knew the following spells:

 Your Spells              Type           Power      Damage    Failure   Level
a - Necrotise             Necr           72%        1d7       2%          1

Your spell library contained the following spells:

 Spells                   Type           Power      Damage    Failure   Level
 Vampiric Draining        Necr           18%        2d7       8%          3
 Shock                    Conj/Air       8%         1d3       19%         1
 Animate Dead             Necr           18%        N/A       26%         4
 Inner Flame              Hex/Fire       2%         N/A       47%         3
 Swiftness                Air            2%         N/A       47%         3
 Curse of Agony           Necr           18%        N/A       56%         5
 Airstrike                Air            1%         2d(1-17)  87%         4
 Irradiate                Conj/Alch      1%         3d12      99%         5
 Ignition                 Fire           1%         3d3       100%        8


Dungeon Overview and Level Annotations

Branches:
Dungeon (2/15)

Altars:


Innate Abilities, Weirdness & Mutations

You regain HP and MP as you explore.


Message History

The gnoll closely misses your frilled lizard skeleton.
A kobold comes into view. It is wielding a +0 whip.
Your gnoll skeleton closely misses the gnoll.
The gnoll hits your frilled lizard skeleton with a +0 flail!
Your frilled lizard skeleton is destroyed!
The gnoll writhes in agony.
The gnoll misses you.
Your gnoll skeleton barely misses the gnoll.
The gnoll hits you with a +0 flail.
Your gnoll skeleton hits the gnoll.
The gnoll attacks as it pursues you! The gnoll closely misses you.
The gnoll hits your gnoll skeleton with a +0 flail!
The gnoll hits you with a +0 flail!
Your gnoll skeleton misses the gnoll.
The gnoll hits your gnoll skeleton with a +0 flail.
The gnoll hits your gnoll skeleton with a +0 flail!
Your gnoll skeleton is destroyed!
The gnoll attacks as it pursues you! The gnoll hits you with a +0 flail.
* * * LOW HITPOINT WARNING * * *
The gnoll misses you.
You are too injured to fight recklessly!
Casting: Necrotise (safe; 2% risk of failure)
Confirm with . or Enter, or press ? or * to list all spells.
Aiming: Necrotise (safe; 2% risk of failure)
Press: ? - help, Shift-Dir - straight line, f/p - gnoll
Aim: a gnoll, wielding a +0 flail (heavily wounded, chance to affect: 83%)
The gnoll writhes in agony!
You kill the gnoll!
The dead are walking!
You have reached level 4!
You feel stronger.
There is a stone staircase leading up here.
The kobold misses you.
You climb upwards.
There is a stone staircase leading down here.
The kobold hits you with a +0 whip.
* * * LOW HITPOINT WARNING * * *
You climb downwards.
Your gnoll skeleton crumbles into dust!
The gnoll closely misses you.
There is a stone staircase leading up here.
The gnoll barely misses you. The kobold hits you with a +0 whip.
You die...

# #.# ... #.
####.###...
#.###.........
............#
...........# #
##........#...
##............#
#....)g@......#
#.8..##K##.#...
#....##.##.# .
##..g.......
#.#####..##.....
$...............
#........#####..
#...#......# ###
#.. #.#)...#


You could see a gnoll and a kobold.

Vanquished Creatures
  2 gnolls (D:2)
  2 dart slugs (D:1)
  2 endoplasms (D:1)
  A goblin (D:1)
  2 hobgoblins (D:1)
  5 jackals (D:1)
  3 kobolds (D:1)
  A ball python (D:1)
  3 bats (D:1)
  2 frilled lizards
  A rat (D:1)
24 creatures vanquished.

Vanquished Creatures (collateral kills)
  A gnoll (D:2)
  An endoplasm (D:1)
  A ball python (D:1)
  A rat (D:1)
4 creatures vanquished.

Grand Total: 28 creatures vanquished

Notes
Turn   | Place    | Note
-------+----------+-------------------------------------------
     0 | D:1      | jondeez the Human Necromancer began the quest for the Orb.
     0 | D:1      | Reached XP level 1. HP: 13/13 MP: 3/3
    51 | D:1      | Reached XP level 2. HP: 3/19 MP: 0/5
   582 | D:1      | Found a faded altar of an unknown god.
   801 | D:1      | Reached XP level 3. HP: 12/24 MP: 3/6
  1359 | D:2      | Reached XP level 4. HP: 4/30 MP: 0/8
  1364 | D:2      | Slain by a kobold

Illustrated notes

Levels and vault maps discovered:
D:1:      amcnicky_arrival_blooded_trapdoor, layout_basic,
          shapermc_ecumenical_altar_mp_ritualfount, minmay_misc_feat_chi,
          chequers_serial_rivers_large_a, minivault_11,
          chequers_serial_rivers_small_3, amethyst_killhole, minmay_tall_x
D:2:      layout_basic, mrwooster_statue_mirror, minmay_pentomino_v4

Action                     |  1- 3 |  4- 6 || total
---------------------------+-------+-------++-------
   Cast: Necrotise         |    44 |       ||    44
    Use: Potion            |     1 |       ||     1
 Armour: Robe              |    24 |     2 ||    26
  Dodge: Dodged            |    24 |     3 ||    27
